AoeStats
← ladiesman217

Team Islands

503722047Analyzed
4v4 RM · 1mo ago on Sep 2, 2026· 34m 59s· 8 players
Game mode
Random Map
Map size
242×242
Population
200
Speed
Normal
Resources
Standard
Victory
Conquest
Starting age
Dark Age
Ending age
Imperial Age
RankedLock teamsTeams togetherTeam positionsShared explorationLock speedFull tech treeHidden civsTurbo modeCheats
Victory
Defeat
🇨🇱 Turks · Chile
785
+12
🇺🇸 Chinese · United States
780
+12
🇧🇷 Vikings · Brazil
778
+12
🇺🇸 Poles · United States
616
+19
🇪🇸 Portuguese · Spain
708
-15
🇨🇦 Spanish · Canada
703
-14
🇺🇸 Teutons · United States
701
-14
🇬🇧 Spanish · United Kingdom
629
-11
Twixxo
Amras
0:32 Loom
0:36 Loom
12:35 Feudal Age
ladiesman217
14:07 Feudal Age
15:06 Man-at-Arms
17:32 Double-Bit Axe
27:19 Castle Age
28:02 Long Swordsman
30:20 Elite Skirmisher
vajamian
GymNASAt
0:42 Loom
11:38 Feudal Age
12:53 Double-Bit Axe
20:23 Castle Age
22:32 Wheelbarrow
23:49 Bow Saw
24:52 Hand Cart
26:52 Fishing Lines
31:13 Stone Mining
31:13 Gold Mining
32:01 Caravan
31:56 Gillnets
35:08 Imperial Age
Wulf190d
10:09 Feudal Age
11:09 Double-Bit Axe
18:05 Horse Collar
24:22 Castle Age
22:53 Fletching
24:26 Gold Mining
26:22 Wheelbarrow
26:02 Forging
29:37 Medium Warships
30:10 Husbandry
29:38 Light Cavalry
32:13 Bloodlines
32:12 Heavy Plow
Ironkinghard
13:49 Feudal Age
16:17 Double-Bit Axe
20:40 Castle Age
18:28 Horse Collar
22:26 Caravan
23:05 Forging
22:56 Padded Archer Armor
23:07 Fletching
25:15 Medium Warships
25:58 Fishing Lines
29:11 Leather Archer Armor
28:52 Bodkin Arrow
30:00 Gillnets
33:34 Pikeman
34:43 Squires
35:03 Chieftains
Mapuche Mayer
Connection lost

Rejoining the realm…

Still unreachable

The connection could not be restored.

Session expired

The server has moved on; the page needs a fresh start.